 Dungeon Crawl Stone Soup version 0.29.0-4-gdea44cf6ec (webtiles) character file.

Game seed: 11886219389148582807

1014 qw the Cleaver (level 8, -2/61 HPs)
             Began as a Formicid Cinder Acolyte on Sept 4, 2022.
             Was a Believer of Ignis.
             Slain by Duvessa
             ... wielding a +0 short sword
              (12 damage)
             ... on level 5 of the Dungeon.
             The game lasted 00:01:54 (6300 turns).

qw the Cleaver (Formicid Cinder Acolyte)            Turns: 6300, Time: 00:01:54

Health: -2/61      AC: 13    Str: 22    XL:     8   Next: 45%
Magic:  9/9        EV:  9    Int: 13    God:    Ignis [**....]
Gold:   239        SH:  4    Dex:  9    Spells: 9/9 levels left

rFire   + . .      SeeInvis +   Y - +0 war axe
rCold   . . .      Faith    .   a - +0 buckler
rNeg    + . .      Spirit   .   l - +0 scale mail
rPois   .          Reflect  .   (helmet unavailable)
rElec   .          Harm     .   (no cloak)
rCorr   +          Rampage  .   (no gloves)
Will    +++..      Clarity  +   (no boots)
Stlth   ..........              n - amulet of the Four Winds {rN+ Will+++ Clar}
HPRegen 0.20/turn               d - ring of resist corrosion
MPRegen 0.11/turn               (no ring)

@: fiery-armoured
A: permanent stasis, dig shafts and tunnels, antennae 3, four strong arms
a: Dig, Shaft Self, Renounce Religion, Fiery Armour, Foxfire Swarm, Rising Flame


You were on level 5 of the Dungeon.
You worshipped Ignis.
Ignis was pleased with you.
You visited 1 branch of the dungeon, and saw 5 of its levels.

You collected 315 gold pieces.
You spent 76 gold pieces at shops.


Innate Abilities, Weirdness & Mutations

You cannot be hasted, slowed, berserked, paralysed or teleported.
You can dig through walls and to a lower floor.
You have a pair of large antennae on your head. (SInv)
Your four strong arms can wield two-handed weapons with a shield.


   Skills:
 + Level 4.3 Fighting
 - Level 8.2 Axes
 - Level 2.0 Throwing
 - Level 2.0 Armour
 - Level 1.0 Dodging
 - Level 3.5 Shields
 - Level 1.1 Spellcasting
 - Level 3.0 Fire Magic


You had 9 spell levels left.
You didn't know any spells.
Your spell library contained the following spells:

 Spells                   Type           Power      Damage    Failure   Level
 Scorch                   Fire           16%        2d6       38%         2

Inventory:

Hand Weapons
 p - a -1 hand axe of flaming
 Y - a +0 war axe (weapon)
Missiles
 j - 2 javelins (quivered)
Armour
 a - a +0 buckler (worn)
 l - a +0 scale mail (worn)
Jewellery
 b - an amulet of reflection
 d - a ring of resist corrosion (left hand)
 k - a ring of ice
 n - the amulet of the Four Winds (around neck) {rN+ Will+++ Clar}
   (You found it on level 3 of the Dungeon)

   [amulet of nothing]

   rN:        It protects you from negative energy.
   Clar:      It protects you against confusion.
   Will:      It greatly increases your willpower.
Scrolls
 m - a scroll of identify
Potions
 c - a potion of ambrosia {unknown}
 e - a potion of magic {unknown}
 f - a potion of heal wounds {unknown}
 h - a potion of invisibility {unknown}
 o - a potion of attraction {unknown}

Dungeon Overview and Level Annotations

Branches:
Dungeon (5/15)
 Temple: D:4-7

Altars:

Shops:
D:2 [

Annotations:
D:5 Duvessa


Message History

You block Dowan's attack. Duvessa hits you but does no damage.
Duvessa is burned by your cloak of flames.
Duvessa is lightly wounded.
You slash Dowan!
You kill Dowan!
Duvessa screams, "No!
How DARE you!"
Duvessa goes berserk!
You hit Duvessa. You block Duvessa's attack. Duvessa barely misses you.
Your Armour skill increases to level 2!
You completely miss Duvessa.
Duvessa is moderately wounded.
You block Duvessa's attack. Duvessa hits you with a +0 short sword!
Duvessa is burned by your cloak of flames.
Duvessa is moderately wounded.
You hit Duvessa.
Duvessa is moderately wounded.
Duvessa hits you with a +0 short sword.
Duvessa is burned by your cloak of flames.
Duvessa is moderately wounded.
An orc comes into view. It is wielding a +0 club.
You hit Duvessa.
Duvessa is heavily wounded.
You block Duvessa's attack. Duvessa hits you with a +0 short sword!
Duvessa is burned by your cloak of flames.
Duvessa is heavily wounded.
You hit Duvessa but do no damage.
Duvessa is heavily wounded.
Duvessa hits you with a +0 short sword.
Duvessa is burned by your cloak of flames.
Duvessa is heavily wounded.
Duvessa closely misses you.
You hit Duvessa.
Duvessa is severely wounded.
Duvessa hits you with a +0 short sword!
Duvessa is burned by your cloak of flames.
Duvessa is severely wounded.
You hit Duvessa but do no damage.
Duvessa is severely wounded.
Duvessa closely misses you. Duvessa hits you with a +0 short sword!
You die...

# .##.## #.
### .#...
... .. ...#
..##.##..#
.......#
#...#.#
.#.###.<...#
........#..#
#####..@#
#.# #.)e..#
.# #..<...#
#..o.....
#...###..#
#...# ..#
#.#.# .#
..#.. #


You could see Duvessa (berserk) and an orc.

Vanquished Creatures
  Grinder (D:3)
  2 black bears (D:4)
  A phantom (D:4)
  3 scorpions (D:4)
  Dowan (D:5)
  An orc priest (D:4)
  4 orc wizards
  Robin (D:2)
  6 gnolls (D:3)
  An adder (D:3)
  2 worms
  3 dart slugs
  12 orcs
  8 ball pythons
  6 bats
  14 endoplasms
  4 giant cockroaches
  19 goblins
  9 hobgoblins
  4 jackals (D:1)
  2 quokkas
  2 frilled lizards (D:3)
  8 kobolds
  2 rats (D:1)
116 creatures vanquished.

Vanquished Creatures (others)
  18 plants
18 creatures vanquished.

Grand Total: 134 creatures vanquished

Notes
Turn   | Place    | Note
-------+----------+-------------------------------------------
     0 | D:1      | qw the Formicid Cinder Acolyte began the quest for the Orb.
     0 | D:1      | Reached XP level 1. HP: 18/18 MP: 2/2
     0 | D:1      | 0 ||| qw: Version: 0.1-a-103-gd6f5d3a
     0 | D:1      | 0 ||| qw: Game counter: 5464
     0 | D:1      | 0 ||| qw: Always use a shield: true
     0 | D:1      | 0 ||| qw: God list: Okawaru
     0 | D:1      | 0 ||| qw: Allow faded altars: false
     0 | D:1      | 0 ||| qw: Do Orc after D:15 true
     0 | D:1      | 0 ||| qw: Do second Lair branch before Depths: true
     0 | D:1      | 0 ||| qw: Lair rune preference: random
     0 | D:1      | 0 ||| qw: Plans: Normal
     0 | D:1      | 0 ||| PLANNING D:1-11
    19 | D:1      | 19 ||| Stepping ~*~*~tactically~*~*~ (stealth).
    36 | D:1      | 36 ||| Stepping ~*~*~tactically~*~*~ (stealth).
    53 | D:1      | 53 ||| INVOKING Fiery Armour.
    55 | D:1      | Reached XP level 2. HP: 12/24 MP: 3/3
   332 | D:1      | 332 ||| Stepping ~*~*~tactically~*~*~ (stealth).
   415 | D:1      | Reached XP level 3. HP: 16/29 MP: 4/4
   748 | D:1      | 748 ||| Stepping ~*~*~tactically~*~*~ (stealth).
   749 | D:1      | 749 ||| Stepping ~*~*~tactically~*~*~ (stealth).
   752 | D:1      | Reached skill level 1 in Throwing
   754 | D:1      | Reached skill level 4 in Axes
   823 | D:1      | 823 ||| Stepping ~*~*~tactically~*~*~ (stealth).
   825 | D:1      | 825 ||| Stepping ~*~*~tactically~*~*~ (stealth).
   831 | D:1      | 831 ||| Stepping ~*~*~tactically~*~*~ (stealth).
   836 | D:1      | 836 ||| Stepping ~*~*~tactically~*~*~ (stealth).
  1018 | D:1      | 1018 ||| Stepping ~*~*~tactically~*~*~ (stealth).
  1020 | D:1      | 1020 ||| Stepping ~*~*~tactically~*~*~ (stealth).
  1233 | D:1      | Reached skill level 1 in Dodging
  1240 | D:1      | 1240 ||| Stepping ~*~*~tactically~*~*~ (stealth).
  1273 | D:1      | 1273 ||| Stepping ~*~*~tactically~*~*~ (stealth).
  1570 | D:1      | 1570 ||| UPGRADING to +0 leather armour.
  1580 | D:1      | 1580 ||| DROPPING +0 robe.
  1581 | D:1      | 1581 ||| READING scroll labelled LYGAOZX BASTRYARPH.
  1582 | D:1      | 1582 ||| Stepping randomly (stuck).
  1583 | D:1      | 1583 ||| Stepping ~*~*~tactically~*~*~ (cloud).
  1588 | D:1      | HP: 7/29 [poisoned by you (poison gas)]
  1888 | D:2      | 1888 ||| STAIRDANCE
  1959 | D:2      | Noticed Robin
  1960 | D:2      | 1960 ||| Stepping ~*~*~tactically~*~*~ (hiding).
  1961 | D:2      | 1961 ||| INVOKING Fiery Armour.
  1962 | D:2      | Reached XP level 4. HP: 30/35 MP: 5/5
  1962 | D:2      | 1962 ||| Stepping ~*~*~tactically~*~*~ (hiding).
  1972 | D:2      | Killed Robin
  1980 | D:2      | 1980 ||| FLEEEEING.
  1983 | D:2      | 1983 ||| FLEEEEING.
  1985 | D:2      | 1985 ||| FLEEEEING.
  1986 | D:2      | 1986 ||| STAIRDANCE
  2113 | D:2      | 2113 ||| Stepping ~*~*~tactically~*~*~ (stealth).
  2124 | D:2      | 2124 ||| Stepping ~*~*~tactically~*~*~ (stealth).
  2160 | D:2      | Found Fosevol's Antique Armour Shoppe.
  2230 | D:2      | 2230 ||| SHOPLISTING plate armour (437 gold, have 103).
  2230 | D:2      | 2230 ||| BUYING ring mail (76 gold).
  2230 | D:2      | Bought a ring mail for 76 gold pieces
  2230 | D:2      | 2230 ||| SHOPLISTING scale mail (76 gold, have 27).
  2230 | D:2      | 2230 ||| SHOPLISTING tattered robe (108 gold, have 27).
  2636 | D:2      | 2636 ||| Stepping ~*~*~tactically~*~*~ (hiding).
  2637 | D:2      | 2637 ||| Stepping ~*~*~tactically~*~*~ (hiding).
  2936 | D:2      | 2936 ||| UPGRADING to +0 buckler.
  2941 | D:2      | 2941 ||| UPGRADING to +0 ring mail.
  2951 | D:2      | 2951 ||| DROPPING +0 leather armour.
  2952 | D:2      | 2952 ||| READING scroll labelled LANANT PUWAGIC.
  2953 | D:2      | 2953 ||| READING scroll labelled PEODUR CUSMU.
  3037 | D:1      | 3037 ||| Stepping randomly (stuck).
  3168 | D:3      | 3168 ||| Stepping ~*~*~tactically~*~*~ (stealth).
  3171 | D:3      | 3171 ||| Stepping ~*~*~tactically~*~*~ (stealth).
  3177 | D:3      | Reached skill level 1 in Shields
  3177 | D:3      | Reached XP level 5. HP: 27/41 MP: 6/6
  3513 | D:3      | 3513 ||| INVOKING Fiery Armour.
  3518 | D:3      | Reached skill level 1 in Armour
  3808 | D:3      | 3808 ||| Stepping ~*~*~tactically~*~*~ (hiding).
  3815 | D:3      | 3815 ||| INVOKING Fiery Armour.
  3822 | D:3      | Reached skill level 5 in Axes
  4000 | D:3      | 4000 ||| Stepping ~*~*~tactically~*~*~ (stealth).
  4002 | D:3      | 4002 ||| Stepping ~*~*~tactically~*~*~ (hiding).
  4008 | D:3      | Noticed Grinder
  4008 | D:3      | 4008 ||| INVOKING Fiery Armour.
  4012 | D:3      | Reached XP level 6. HP: 36/47 MP: 7/7
  4024 | D:3      | 4024 ||| Stepping ~*~*~tactically~*~*~ (hiding).
  4031 | D:3      | 4031 ||| Stepping ~*~*~tactically~*~*~ (hiding).
  4034 | D:3      | Killed Grinder
  4035 | D:3      | Reached skill level 6 in Axes
  4035 | D:3      | Reached XP level 7. HP: 27/52 MP: 8/8
  4036 | D:3      | 4036 ||| FLEEEEING.
  4218 | D:3      | Found the amulet of the Four Winds {rN+ Will+++ Clar}
  4507 | D:3      | 4507 ||| DROPPING orb of light.
  4508 | D:3      | 4508 ||| UPGRADING to +0 scale mail.
  4518 | D:3      | 4518 ||| DROPPING +0 ring mail.
  4519 | D:3      | 4519 ||| UPGRADING to amulet of reflection.
  4524 | D:3      | 4524 ||| UPGRADING to amulet of the Four Winds {rN+ Will+++
                  | Clar}.
  4534 | D:3      | 4534 ||| READING 3 scrolls labelled ULAUNYUNLO.
  4535 | D:3      | 4535 ||| DRINKING 2 fuming coppery potions.
  4536 | D:3      | 4536 ||| DROPPING potion of brilliance.
  4537 | D:3      | 4537 ||| DROPPING 2 scrolls of magic mapping.
  4587 | D:4      | 4587 ||| INVOKING Fiery Armour.
  4589 | D:4      | HP: 12/52 [poisoned by a scorpion]
  4590 | D:4      | Reached skill level 3 in Shields
  4594 | D:4      | HP: 5/52 [poisoned by a scorpion]
  4644 | D:4      | 4644 ||| Stepping ~*~*~tactically~*~*~ (stealth).
  4645 | D:4      | 4645 ||| Stepping ~*~*~tactically~*~*~ (stealth).
  4936 | D:4      | 4936 ||| Stepping ~*~*~tactically~*~*~ (stealth).
  4940 | D:4      | 4940 ||| Stepping ~*~*~tactically~*~*~ (hiding).
  4953 | D:4      | 4953 ||| INVOKING Fiery Armour.
  5329 | D:4      | Reached skill level 7 in Axes
  5426 | D:4      | 5426 ||| INVOKING Fiery Armour.
  5429 | D:4      | Reached XP level 8. HP: 30/61 MP: 9/9
  5586 | D:4      | 5586 ||| SWAPPING to +0 war axe.
  5642 | D:4      | 5642 ||| Stepping ~*~*~tactically~*~*~ (stealth).
  5643 | D:4      | 5643 ||| Stepping ~*~*~tactically~*~*~ (stealth).
  5940 | D:4      | 5940 ||| Stepping ~*~*~tactically~*~*~ (hiding).
  6185 | D:4      | 6185 ||| UPGRADING to ring of resist corrosion.
  6186 | D:4      | 6186 ||| DROPPING +6 ring of intelligence.
  6187 | D:4      | 6187 ||| READING scroll labelled UVINON LITAGIY.
  6206 | D:5      | Entered Level 5 of the Dungeon
  6206 | D:5      | Noticed Dowan
  6207 | D:5      | 6207 ||| STAIRDANCE
  6215 | D:4      | Reached skill level 8 in Axes
  6289 | D:5      | Noticed Duvessa
  6290 | D:5      | 6290 ||| INVOKING Fiery Armour.
  6294 | D:5      | Killed Dowan
  6299 | D:5      | HP: 10/61 [Duvessa/+0 short sword (15)]
  6300 | D:5      | Slain by Duvessa

Levels and vault maps discovered:
D:1:      spicycebolla_arrival_ecumenical, layout_rooms, serial_forest,
          infiniplex_forest_end_1, infiniplex_forest_clump_diagonal,
          infiniplex_forest_clump_medium, infiniplex_forest_straight_2,
          infiniplex_forest_join, infiniplex_forest_lined_corner,
          infiniplex_forest_clump_curved, infiniplex_forest_split,
          infiniplex_forest_lined_4_way, infiniplex_forest_clump_C
D:2:      layout_loops_ring, serial_shops, nicolae_diamond_shop, uniq_robin
D:3:      layout_basic, nicolae_grassy_gnolls, uniq_grinder
D:4:      layout_basic, serial_forest, infiniplex_forest_clump_small,
          infiniplex_forest_clump_double, infiniplex_forest_end_3,
          infiniplex_forest_straight_2, infiniplex_forest_lined_room_3
D:5:      layout_loops_ring, mainiacjoe_overflow_alcove_4, temple_pool_b,
          uniq_prince_ribbit1, uniq_duvessa

Skill      XL: |  1  2  3  4  5  6  7  8 |
---------------+-------------------------+-----
Throwing       | 1 2 |  2.0
Axes           | 4 5 6 7 8 |  8.2
Dodging        | 1 |  1.0
Shields        | 1 2 3 |  3.5
Armour         | 1 2 |  2.0
Fighting       | 4 |  4.3
Spellcasting   | |  1.1
Fire Magic     | |  3.0

Action                   |  1- 3 |  4- 6 |  7- 9 || total
-------------------------+-------+-------+-------++-------
Melee: Hand axe          |   103 |   103 |    87 ||   293
       Punch             |     1 |     1 |       ||     2
       War axe           |       |       |    35 ||    35
Throw: Javelin           |    25 |    10 |    16 ||    51
Invok: Fiery Armour      |     2 |     3 |     4 ||     9
  Use: Scroll            |     1 |     2 |     2 ||     5
       Potion            |       |       |     1 ||     1
Armor: Robe              |    20 |       |       ||    20
       Leather armour    |     2 |    13 |       ||    15
       Ring mail         |       |    28 |     3 ||    31
       Scale mail        |       |       |    41 ||    41
Dodge: Dodged            |    64 |    47 |    48 ||   159
Block: Buckler           |       |     5 |    24 ||    29

Table legend:
 A = Non-vault XP
 B = Vault XP
 C = Vault XP percentage of total XP
 D = Non-vault monster count
 E = Vault monster count
 F = Vault count percentage of total count
                 A         B        C        D         E       F
            +---------+---------+-------+---------+---------+-------
      Total |    1015 |     434 |  30.0 |      98 |      18 |  15.5
            +---------+---------+-------+---------+---------+-------
        D:1 |      65 |       0 |   0.0 |      36 |       0 |   0.0
        D:2 |      21 |      40 |  65.6 |      10 |      13 |  56.5
        D:3 |     144 |     328 |  69.5 |      28 |       4 |  12.5
        D:4 |     785 |       0 |   0.0 |      24 |       0 |   0.0
        D:5 |       0 |      66 | 100.0 |       0 |       1 | 100.0
            +---------+---------+-------+---------+---------+-------
